| TOP OF THE 1ST |
|
Bowling Green Hot Rods batting - Pitching for Cedar Rapids Kernels : LHP David Gordon
|
|
Pitching: LHP David Gordon
|
|
|
Batting: RHB Kunizo Yanagisawa
|
0-0: Ball 1-0: Called Strike 1-1: Ball 2-1: Ball 3-1: Base on Balls
|
|
Batting: RHB Sesto Carpini
|
0-0: Called Strike 0-1: Foul Ball, location: 2F 0-2: Ball 1-2: Ball 2-2: Foul Ball, location: 2F 2-2: Ball 3-2: Strikes out swinging Kunizo Yanagisawa is caught stealing 2nd base 2-4 Batter strikes out.
|
|
Batting: RHB Azedine Kirui
|
0-0: Ball 1-0: Ball 2-0: Ball 3-0: Base on Balls
|
|
Batting: RHB Jose Arriola
|
0-0: Called Strike 0-1: Swinging Strike 0-2: Ball 1-2: Ball 2-2: Foul Ball, location: 2F 2-2: Foul Ball, location: 2F 2-2: Strikes out swinging
|
| Top of the 1st over - 0 runs, 0 hits, 0 errors, 1 left on base; Bowling Green 0 - Cedar Rapids 0 |
| BOTTOM OF THE 1ST |
|
Cedar Rapids Kernels batting - Pitching for Bowling Green Hot Rods : RHP Kyle Thomas
|
|
Pitching: RHP Kyle Thomas
|
|
|
Batting: RHB Mike Craver
|
0-0: Ball 1-0: Ball 2-0: Ball 3-0: Base on Balls
|
|
Batting: LHB Chris Munguia
|
0-0: Foul Ball, location: 2F 0-1: Foul Ball, location: 2F 0-2: Foul Ball, location: 2F 0-2: Ball 1-2: Fly out, F9 (Flyball, 89D, EV 94.4 MPH)
|
|
Batting: SHB Dan Morataya
|
0-0: Called Strike 0-1: SINGLE (Groundball, 13, EV 87.5 MPH) (infield hit) Mike Craver to second
|
|
Batting: SHB Matt Urbani
|
0-0: Called Strike 0-1: Swinging Strike 0-2: Ball 1-2: Ball 2-2: Strikes out swinging
|
|
Batting: LHB Israel Montoya
|
0-0: Called Strike 0-1: Fly out, F9 (Flyball, 9LS, EV 80.6 MPH)
|
| Bottom of the 1st over - 0 runs, 1 hit, 0 errors, 2 left on base; Bowling Green 0 - Cedar Rapids 0 |
| TOP OF THE 2ND |
|
Bowling Green Hot Rods batting - Pitching for Cedar Rapids Kernels : LHP David Gordon
|
|
Batting: LHB Harris Vink
|
0-0: Called Strike 0-1: Foul Ball, location: 2F 0-2: DOUBLE (Flyball, 8RXD, EV 110.0 MPH)
|
|
Batting: RHB Dan Marks
|
0-0: Foul Ball, location: 2F 0-1: SINGLE (Groundball, 34D, EV 96.2 MPH) Harris Vink to third
|
|
Batting: RHB Eric Waugaman
|
0-0: Ball 1-0: Grounds into double play, 6-4-3 (Groundball, 6, EV 86.9 MPH) Harris Vink scores
|
|
Batting: LHB Jimmy Detrie
|
0-0: SINGLE (Groundball, 56S, EV 69.4 MPH) (infield hit)
|
|
Batting: RHB Dusty Camelli
|
0-0: Called Strike 0-1: Swinging Strike 0-2: Strikes out swinging
|
| Top of the 2nd over - 1 run, 3 hits, 0 errors, 1 left on base; Bowling Green 1 - Cedar Rapids 0 |
| BOTTOM OF THE 2ND |
|
Cedar Rapids Kernels batting - Pitching for Bowling Green Hot Rods : RHP Kyle Thomas
|
|
Batting: LHB David Campbell
|
0-0: Ground out 4-3 (Groundball, 4, EV 98.8 MPH)
|
|
Batting: RHB Ryan Gautney
|
0-0: Foul Ball, location: 2F 0-1: Swinging Strike 0-2: Ball 1-2: Ground out 6-3 (Groundball, 56, EV 83.1 MPH)
|
|
Batting: RHB Tony Crespo
|
0-0: Ball 1-0: Ball 2-0: Ball 3-0: Called Strike 3-1: Swinging Strike 3-2: Foul Ball, location: 2F 3-2: Ground out 6-3 (Groundball, 6, EV 90.0 MPH)
|
| Bottom of the 2nd over - 0 runs, 0 hits, 0 errors, 0 left on base; Bowling Green 1 - Cedar Rapids 0 |
| TOP OF THE 3RD |
|
Bowling Green Hot Rods batting - Pitching for Cedar Rapids Kernels : LHP David Gordon
|
|
Batting: RHB Kunizo Yanagisawa
|
0-0: Called Strike 0-1: Ball 1-1: Ball 2-1: Foul Ball, location: 2F 2-2: Strikes out looking
|
|
Batting: RHB Sesto Carpini
|
0-0: Ball 1-0: Ball 2-0: Called Strike 2-1: Ball 3-1: Foul Ball, location: 2F 3-2: Ground out 6-3 (Groundball, 4MS, EV 84.4 MPH)
|
|
Batting: RHB Azedine Kirui
|
0-0: Called Strike 0-1: Ball 1-1: Called Strike 1-2: Fly out, F4 (Popup, 3S, EV 75.0 MPH)
|
| Top of the 3rd over - 0 runs, 0 hits, 0 errors, 0 left on base; Bowling Green 1 - Cedar Rapids 0 |
| BOTTOM OF THE 3RD |
|
Cedar Rapids Kernels batting - Pitching for Bowling Green Hot Rods : RHP Kyle Thomas
|
|
Batting: LHB Bill Young
|
0-0: Ball 1-0: Swinging Strike 1-1: Swinging Strike 1-2: Ball 2-2: Foul Ball, location: 2F 2-2: Strikes out looking
|
|
Batting: RHB Mike Craver
|
0-0: Foul Ball, location: 2F 0-1: Swinging Strike 0-2: Ball 1-2: Fly out, F6 (Flyball, 56D, EV 91.9 MPH)
|
|
Batting: LHB Chris Munguia
|
0-0: Fly out, F7 (Flyball, 78M, EV 88.8 MPH)
|
| Bottom of the 3rd over - 0 runs, 0 hits, 0 errors, 0 left on base; Bowling Green 1 - Cedar Rapids 0 |
| TOP OF THE 4TH |
|
Bowling Green Hot Rods batting - Pitching for Cedar Rapids Kernels : LHP David Gordon
|
|
Batting: RHB Jose Arriola
|
0-0: Called Strike 0-1: Fly out, F9 (Flyball, 9S, EV 84.4 MPH)
|
|
Batting: LHB Harris Vink
|
0-0: Ball 1-0: Called Strike 1-1: Hit by Pitch
|
|
Batting: RHB Dan Marks
|
0-0: Ball 1-0: Called Strike 1-1: Grounds into double play, 6-4-3 (Groundball, 6, EV 108.8 MPH)
|
| Top of the 4th over - 0 runs, 0 hits, 0 errors, 0 left on base; Bowling Green 1 - Cedar Rapids 0 |
| BOTTOM OF THE 4TH |
|
Cedar Rapids Kernels batting - Pitching for Bowling Green Hot Rods : RHP Kyle Thomas
|
|
Batting: SHB Dan Morataya
|
0-0: Called Strike 0-1: Called Strike 0-2: Fly out, F9 (Flyball, 9S, EV 78.1 MPH)
|
|
Batting: SHB Matt Urbani
|
0-0: Ball 1-0: Ball 2-0: Ball 3-0: Called Strike 3-1: Fly out, F7 (Flyball, 7, EV 91.2 MPH)
|
|
Batting: LHB Israel Montoya
|
0-0: Called Strike 0-1: Foul Ball, location: 2F 0-2: Ball 1-2: Ground out U3 (Groundball, 3L, EV 86.2 MPH)
|
| Bottom of the 4th over - 0 runs, 0 hits, 0 errors, 0 left on base; Bowling Green 1 - Cedar Rapids 0 |
| TOP OF THE 5TH |
|
Bowling Green Hot Rods batting - Pitching for Cedar Rapids Kernels : LHP David Gordon
|
|
Batting: RHB Eric Waugaman
|
0-0: Ball 1-0: Swinging Strike 1-1: Ball 2-1: Ground out 6-3 (Groundball, 6, EV 82.5 MPH)
|
|
Batting: LHB Jimmy Detrie
|
0-0: Called Strike 0-1: Ball 1-1: Ball 2-1: Foul Ball, location: 2F 2-2: Ball 3-2: Foul Ball, location: 2F 3-2: Fly out, F8 (Flyball, 8RD, EV 77.5 MPH)
|
|
Batting: RHB Dusty Camelli
|
0-0: Called Strike 0-1: Ball 1-1: Swinging Strike 1-2: Strikes out swinging
|
| Top of the 5th over - 0 runs, 0 hits, 0 errors, 0 left on base; Bowling Green 1 - Cedar Rapids 0 |
| BOTTOM OF THE 5TH |
|
Cedar Rapids Kernels batting - Pitching for Bowling Green Hot Rods : RHP Kyle Thomas
|
|
Batting: LHB David Campbell
|
0-0: Fly out, F9 (Flyball, 89M, EV 92.5 MPH)
|
|
Batting: RHB Ryan Gautney
|
0-0: Called Strike 0-1: Ball 1-1: Swinging Strike 1-2: Foul Ball, location: 2F 1-2: Ball 2-2: Foul Ball, location: 2F 2-2: Ball 3-2: Base on Balls
|
|
Batting: RHB Tony Crespo
|
0-0: Foul Ball, location: 2F 0-1: Ball 1-1: Ball Wild Pitch! Ryan Gautney to second 2-1: Foul Ball, location: 2F 2-2: Strikes out looking
|
|
Batting: LHB Bill Young
|
0-0: Fly out, F4 (Line Drive, 4, EV 69.4 MPH)
|
| Bottom of the 5th over - 0 runs, 0 hits, 0 errors, 1 left on base; Bowling Green 1 - Cedar Rapids 0 |
| TOP OF THE 6TH |
|
Bowling Green Hot Rods batting - Pitching for Cedar Rapids Kernels : LHP David Gordon
|
|
Batting: RHB Kunizo Yanagisawa
|
0-0: Foul Ball, location: 2F 0-1: Swinging Strike 0-2: Ball 1-2: Strikes out swinging
|
|
Batting: RHB Sesto Carpini
|
0-0: Ball 1-0: Foul Ball, location: 2F 1-1: Ball 2-1: Ball 3-1: Base on Balls
|
|
Pitching: RHP Scot Abbott
|
|
|
Batting: RHB Azedine Kirui
|
0-0: Called Strike Sesto Carpini steals 2nd base 0-1: Ball 1-1: Foul Ball, location: 2F 1-2: Ball 2-2: Ground out 4-3 (Groundball, 4MD, EV 101.9 MPH) Sesto Carpini to third
|
|
Batting: RHB Jose Arriola
|
0-0: Ball 1-0: Ball Wild Pitch! Sesto Carpini scores 2-0: SINGLE (Groundball, 5S, EV 60.0 MPH) (infield hit)
|
|
Batting: LHB Harris Vink
|
0-0: Ball 1-0: SINGLE (Groundball, 34D, EV 103.1 MPH) (infield hit) Jose Arriola to second
|
|
Batting: RHB Dan Marks
|
0-0: SINGLE (Line Drive, 89S, EV 98.1 MPH) Jose Arriola to third Harris Vink to second Runner from 3rd tries for Home, SAFE, throw by RF to home
|
|
Batting: RHB Eric Waugaman
|
0-0: Called Strike 0-1: Ball 1-1: Called Strike 1-2: Foul Ball, location: 2F 1-2: Hit by Pitch Harris Vink to third Dan Marks to second
|
|
Batting: LHB Jimmy Detrie
|
0-0: Hit by Pitch Harris Vink scores Dan Marks to third Eric Waugaman to second
|
|
Batting: RHB Dusty Camelli
|
0-0: Ground out 1-3 (Groundball, 13S, EV 64.4 MPH)
|
| Top of the 6th over - 3 runs, 3 hits, 0 errors, 3 left on base; Bowling Green 4 - Cedar Rapids 0 |
| BOTTOM OF THE 6TH |
|
Cedar Rapids Kernels batting - Pitching for Bowling Green Hot Rods : RHP Kyle Thomas
|
|
Batting: RHB Mike Craver
|
0-0: Foul Ball, location: 2F 0-1: Fly out, F3 (Flyball, 34D, EV 86.2 MPH)
|
|
Batting: LHB Chris Munguia
|
0-0: Swinging Strike 0-1: Fly out, F7 (Flyball, 78S, EV 83.1 MPH)
|
|
Batting: SHB Dan Morataya
|
0-0: Called Strike 0-1: Ball 1-1: Ball 2-1: Ball 3-1: Ground out 4-3 (Groundball, 4, EV 86.2 MPH)
|
| Bottom of the 6th over - 0 runs, 0 hits, 0 errors, 0 left on base; Bowling Green 4 - Cedar Rapids 0 |
| TOP OF THE 7TH |
|
Bowling Green Hot Rods batting - Pitching for Cedar Rapids Kernels : RHP Scot Abbott
|
|
Pitching: LHP Josh Armstrong
|
|
|
Batting: RHB Kunizo Yanagisawa
|
0-0: Ball 1-0: Called Strike 1-1: Called Strike 1-2: Ground out 6-3 (Groundball, 6, EV 80.6 MPH)
|
|
Batting: RHB Sesto Carpini
|
0-0: Swinging Strike 0-1: Ground out 4-3 (Groundball, 4, EV 86.2 MPH)
|
|
Batting: RHB Azedine Kirui
|
0-0: Called Strike 0-1: Foul Ball, location: 2F 0-2: Fly out, F8 (Line Drive, 8RM, EV 97.5 MPH)
|
| Top of the 7th over - 0 runs, 0 hits, 0 errors, 0 left on base; Bowling Green 4 - Cedar Rapids 0 |
| BOTTOM OF THE 7TH |
|
Cedar Rapids Kernels batting - Pitching for Bowling Green Hot Rods : RHP Kyle Thomas
|
|
Batting: SHB Matt Urbani
|
0-0: Ball 1-0: Ball 2-0: Ball 3-0: Called Strike 3-1: Called Strike 3-2: Ground out 6-3 (Groundball, 4M, EV 99.4 MPH)
|
|
Batting: LHB Israel Montoya
|
0-0: Ball 1-0: Foul Ball, location: 2F 1-1: Ball 2-1: Foul Ball, location: 2F 2-2: Foul Ball, location: 2F 2-2: Fly out, F7 (Flyball, 7, EV 90.0 MPH)
|
|
Batting: LHB David Campbell
|
0-0: Swinging Strike 0-1: Swinging Strike 0-2: Ball 1-2: Ball 2-2: Foul Ball, location: 2F 2-2: Ball 3-2: Strikes out swinging
|
| Bottom of the 7th over - 0 runs, 0 hits, 0 errors, 0 left on base; Bowling Green 4 - Cedar Rapids 0 |
| TOP OF THE 8TH |
|
Bowling Green Hot Rods batting - Pitching for Cedar Rapids Kernels : LHP Josh Armstrong
|
|
Batting: RHB Jose Arriola
|
0-0: SINGLE (Line Drive, 8LS, EV 96.2 MPH)
|
|
Batting: LHB Harris Vink
|
0-0: Swinging Strike 0-1: Foul Ball, location: 2F 0-2: Strikes out swinging
|
|
Batting: RHB Dan Marks
|
0-0: Grounds into double play, 6-4-3 (Groundball, 6, EV 93.1 MPH)
|
| Top of the 8th over - 0 runs, 1 hit, 0 errors, 0 left on base; Bowling Green 4 - Cedar Rapids 0 |
| BOTTOM OF THE 8TH |
|
Cedar Rapids Kernels batting - Pitching for Bowling Green Hot Rods : RHP Kyle Thomas
|
|
Batting: RHB Ryan Gautney
|
0-0: Ball 1-0: Called Strike 1-1: Ball 2-1: Ball 3-1: Ground out 6-3 (Groundball, 6, EV 82.5 MPH)
|
|
Pitching: LHP Parker Martinet
|
|
|
Batting: RHB Tony Crespo
|
0-0: Called Strike 0-1: Swinging Strike 0-2: Ball 1-2: Strikes out swinging
|
|
Batting: LHB Bill Young
|
0-0: Ball 1-0: Foul Ball, location: 2F 1-1: Ball 2-1: Called Strike 2-2: Fly out, F9 (Flyball, 9, EV 93.1 MPH)
|
| Bottom of the 8th over - 0 runs, 0 hits, 0 errors, 0 left on base; Bowling Green 4 - Cedar Rapids 0 |
| TOP OF THE 9TH |
|
Bowling Green Hot Rods batting - Pitching for Cedar Rapids Kernels : LHP Josh Armstrong
|
|
Pitching: RHP Steven Legge
|
|
|
Batting: RHB Eric Waugaman
|
0-0: Ground out 6-3 (Groundball, 56, EV 88.1 MPH)
|
|
Batting: LHB Jimmy Detrie
|
0-0: Foul Ball, location: 2F 0-1: Ball 1-1: Ball 2-1: Foul Ball, location: 2F 2-2: Ball 3-2: Base on Balls
|
|
Batting: RHB Dusty Camelli
|
0-0: Swinging Strike 0-1: Ball 1-1: Called Strike 1-2: Strikes out swinging
|
|
Batting: RHB Kunizo Yanagisawa
|
0-0: Ground out 6-3 (Groundball, 6M, EV 85.6 MPH)
|
| Top of the 9th over - 0 runs, 0 hits, 0 errors, 1 left on base; Bowling Green 4 - Cedar Rapids 0 |
| BOTTOM OF THE 9TH |
|
Cedar Rapids Kernels batting - Pitching for Bowling Green Hot Rods : LHP Parker Martinet
|
|
Batting: RHB Mike Craver
|
0-0: Called Strike 0-1: Ball 1-1: DOUBLE (Line Drive, 3D, EV 97.5 MPH)
|
|
Batting: LHB Chris Munguia
|
0-0: Foul Ball, location: 2F 0-1: Ball Wild Pitch! Mike Craver to third 1-1: SINGLE (Line Drive, 5L, EV 96.2 MPH) Mike Craver scores
|
|
Pitching: RHP Cody Wilharm
|
|
|
Now at 1B: Chris Thorson
|
|
|
Now in LF: Harris Vink
|
|
|
Now in CF: Jeremy Burton
|
|
|
Batting: SHB Dan Morataya
|
0-0: Fielders Choice at 2nd, 2-4 (Groundball, 15S, EV 69.4 MPH)
|
|
Batting: SHB Matt Urbani
|
0-0: Foul Ball, location: 2F 0-1: Called Strike 0-2: Ball 1-2: DOUBLE (Line Drive, 9LM, EV 108.8 MPH) Dan Morataya to third
|
|
Batting: LHB Israel Montoya
|
0-0: Called Strike 0-1: Foul Ball, location: 2F 0-2: Ball 1-2: Ball 2-2: Strikes out swinging
|
|
Batting: LHB David Campbell
|
0-0: Called Strike 0-1: SINGLE (Groundball, 4MD, EV 93.8 MPH) Dan Morataya scores Matt Urbani to third
|
|
Pinch Hitting: LHB Ho-win Zhou
|
0-0: Called Strike 0-1: Foul Ball, location: 2F 0-2: Foul Ball, location: 2F 0-2: Ball 1-2: Strikes out looking
|
| Bottom of the 9th over - 2 runs, 4 hits, 0 errors, 2 left on base; Bowling Green 4 - Cedar Rapids 2 |
|